 Dungeon Crawl Stone Soup version 0.17.1-3-g152610e (webtiles) character file.

44187 dobroeutro the Blocker (level 14, -6/94 HPs)
             Began as a Gargoyle Fighter on Apr 27, 2016.
             Was the Champion of Okawaru.
             Killed from afar by Frances (10 damage)
             ... with a shard of ice
             ... on level 14 of the Dungeon.
             The game lasted 00:49:08 (16962 turns).

dobroeutro the Blocker (Gargoyle Fighter)          Turns: 16962, Time: 00:49:08

Health: -6/94      AC: 34    Str: 25    XL:     14   Next: 27%
Magic:  0/14       EV: 10    Int: 18    God:    Okawaru [******]
Gold:   536        SH: 10    Dex: 10    Spells: 0 memorised, 13 levels left

rFire  + + .     SeeInvis .     T - +3 morningstar (vamp)
rCold  + . .     Clarity  .     V - +4 scale mail "Uzxuisuq" {Int+5 Stlth+}
rNeg   + . .     SustAt   .     L - +3 buckler {rC+ rF+}
rPois  ∞         Gourm    .     R - +2 hat {Int+3}
rElec  +         Spirit   .     H - +0 cloak
rCorr  .         Warding  .     w - +0 pair of gloves
rMut   .         Stasis   .     x - +0 pair of boots
MR     ++...                    U - amulet of regeneration
Stlth  +.........               Q - ring of protection from magic
                                l - ring of protection from fire

@: very resistant to hostile enchantments, very unstealthy
A: antennae 2, big wings, iridescent scales 1, negative energy resistance 1,
electricity resistance, spit poison 2, strong 1, unbreathing, petrification
resistance, rot immunity, AC +9
a: Spit Poison, Fly, Heroism, Finesse, Renounce Religion


You were on level 14 of the Dungeon.
You worshipped Okawaru.
Okawaru was exalted by your worship.
You were hungry.

You visited 2 branches of the dungeon, and saw 15 of its levels.
You also visited: Ossuary and Ice Cave.

You collected 1306 gold pieces.
You spent 770 gold pieces at shops.

Inventory:

Hand Weapons
 E - the cursed +14 obsidian axe {chop, +Fly Str+3 SInv *Curse}
   (You found it on level 13 of the Dungeon)

   It inflicts extra damage upon your enemies.
   It affects your strength (+3).
   It lets you see invisible.
   It lets you fly.
   It may re-curse itself when equipped.
   It has a curse placed upon it.
 T - a +3 vampiric morningstar (weapon)
Armour
 c - a +0 shield
 w - a +0 pair of gloves (worn)
 x - a +0 pair of boots (worn)
 H - a +0 cloak (worn)
 L - a +3 buckler of resistance (worn)
 P - a +1 chain mail of cold resistance
 R - a +2 hat of intelligence (worn)
 V - the +4 scale mail "Uzxuisuq" (worn) {Int+5 Stlth+}
   (Okawaru gifted it to you on level 12 of the Dungeon)

   It affects your intelligence (+5).
   It makes you more stealthy.
Jewellery
 l - a ring of protection from fire (left hand)
 Q - a ring of protection from magic (right hand)
 U - an amulet of regeneration (around neck)
Wands
 d - a wand of lightning (2)
 p - a wand of hasting (2)
 I - a wand of hasting (7)
 K - a wand of digging (5)
Scrolls
 f - 9 scrolls of remove curse
 g - 6 scrolls of magic mapping
 i - a scroll of enchant weapon {unknown}
 j - 13 scrolls of teleportation
 m - a scroll of noise
 s - 2 scrolls of random uselessness
 y - a scroll of amnesia
 z - 4 scrolls of identify
 B - 5 scrolls of recharging
 Y - a scroll of blinking
 Z - a scroll of acquirement {unknown}
Potions
 a - 4 potions of degeneration
 e - 2 potions of brilliance
 h - 2 potions of haste
 k - 5 potions of curing
 o - 2 potions of poison
 q - 3 potions of agility
 r - a potion of lignification
 v - a potion of beneficial mutation
 N - a potion of berserk rage {unknown}
 O - 4 potions of heal wounds
Comestibles
 b - 3 bread rations
 n - 3 slices of pizza
 t - 4 meat rations
 A - 5 fruits
 J - 3 beef jerkies
 M - 21 royal jellies


   Skills:
 + Level 13.5 Fighting
 + Level 12.0 Maces & Flails
 + Level 13.4 Armour
 + Level 1.1 Dodging
 + Level 13.7 Shields


You had 13 spell levels left.
You didn't know any spells.

Dungeon Overview and Level Annotations

Branches:
Dungeon (14/15)            Temple (1/1) D:7            Lair (0/8) D:8
    Orc (0/4) D:9          Vaults (0/5) D:13

Altars:
Ashenzari
Cheibriados
Dithmenos
Elyvilon
Fedhas
Gozag
Makhleb
Nemelex Xobeh
Okawaru
Ru
Trog
Vehumet
Xom
Yredelemnul
Zin
The Shining One
Beogh
Jiyva

Shops:
D:11 =

Annotations:
D:14 Frances


Innate Abilities, Weirdness & Mutations

You are resistant to torment.
Your stone body is resilient (AC +9).
You are immune to poison.
Your large and strong wings let you fly indefinitely.
You resist negative energy.
You are resistant to electric shocks.
You can survive without breathing.
You are immune to petrification.
You are immune to rotting.
You have a pair of antennae on your head.
You are partially covered in iridescent scales (AC +4).
You can spit poison.
Your muscles are strong. (Str +2)


Message History

You sock Frances!
You feel better.
Frances is severely wounded.
Frances screams a word of power!
You block the shard of ice. The eye of draining gazes at you.
You feel your power leaking away.
You bludgeon Frances!!
You feel better.
Frances is almost dead.
Frances hits you but does no damage.
You completely miss Frances.
Frances is almost dead.
Frances hits you with a battleaxe!!
You hit Frances but do no damage.
Frances is almost dead.
Frances whispers indecipherable words.
The iron shot hits you!
* * * LOW HITPOINT WARNING * * *
Frances whispers indecipherable words.
The shard of ice hits you! You partially resist.
You die...

####+### #.#
.#####.##########
.................. #.
####.#####.###### #. #.# #.#
#h #.# #<# #. #.# #.# #. #.#
#.#
######K#####@#####.#########
.....KK3GR4@...............#
...§KD4K#########..........#
...KK.K.# #..........#
......{{# #..........#
.....{..# #..........#
........# #..........#
........# #..........#
........# #..........#


You could see Frances, a sun demon, a rust devil, an eye of draining, a blue
devil, an efreet, a mottled dragon, a big kobold and 2 kobolds.

Vanquished Creatures
  Maud (D:10)
  A frost giant (IceCv)
  An ogre mage (D:12)
  A vault guard (D:13)
  A catoblepas (D:13)
  A centaur warrior (D:12)
  2 hydras
  Erolcha (D:14)
  Urug (D:12)
  Sonja (D:10)
  A griffon (D:13)
  5 hill giants
  4 cyclopes
  An ugly thing (D:13)
  A gargoyle (D:10)
  Psyche (D:8)
  A kobold demonologist (D:11)
  A deep elf priest (D:13)
  A queen bee (D:12)
  4 trolls
  17 polar bears (IceCv)
  A trapdoor spider zombie (D:14)
  3 two-headed ogres
  13 slime creatures
  A shadow (D:13)
  A wraith (D:14)
  2 trapdoor spiders
  3 deep elf magi
  2 hippogriffs
  A basilisk (D:13)
  A steam dragon (D:12)
  4 wyverns
  39 yaks
  A soldier ant (D:7)
  5 hungry ghosts
  11 wolves (IceCv)
  3 wargs
  2 wasps
  A water moccasin (D:10)
  A necrophage (D:8)
  2 sky beasts
  3 ice beasts
  A boggart (D:14)
  7 ogres
  2 eyes of draining
  11 orc warriors
  8 centaurs
  A crocodile (D:10)
  An elf zombie (Ossuary)
  4 big kobolds
  Blork the orc (D:4)
  9 giant frogs
  2 wyvern zombies (D:12)
  A wyvern skeleton (D:6)
  70 killer bees
  2 scorpions
  6 wights
  8 jellies
  A centaur zombie (Ossuary)
  A giant frog zombie (D:5)
  A quasit (D:7)
  4 gnoll shamans
  8 crimson imps
  10 hounds
  4 giant frog skeletons
  17 orc priests
  Natasha (twice) (D:3)
  5 centaur skeletons
  12 orc wizards
  2 iguanas (D:13)
  15 worker ants
  4 big kobold zombies (Ossuary)
  2 mummies (Ossuary)
  3 worker ant zombies
  17 adders
  24 gnolls
  2 shadow imps
  6 oozes
  2 worms (D:3)
  3 adder skeletons
  12 giant geckos
  68 orcs
  A ball python (D:4)
  4 bats
  8 giant cockroaches
  9 goblins
  3 hobgoblins
  14 jackals
  16 kobolds
  9 quokkas
  A giant gecko zombie (D:5)
  5 giant newts
  4 goblin zombies (Ossuary)
  2 hobgoblin zombies (Ossuary)
  2 orc zombies (Ossuary)
  8 rats
593 creatures vanquished.

Vanquished Creatures (others)
  Maurice (D:10)
  3 yaks (IceCv)
  A wolf (IceCv)
  6 fungi (D:10)
  9 plants (D:10)
20 creatures vanquished.

Grand Total: 613 creatures vanquished

Notes
Turn   | Place    | Note
--------------------------------------------------------------
     0 | D:1      | dobroeutro the Gargoyle Fighter began the quest for the Orb.
     0 | D:1      | Reached XP level 1. HP: 14/14 MP: 1/1
    32 | D:1      | Reached XP level 2. HP: 19/19 MP: 2/2
   473 | D:1      | Reached XP level 3. HP: 20/23 MP: 3/3
   661 | D:2      | Reached skill level 4 in Shields
  1055 | D:2      | Reached XP level 4. HP: 27/29 MP: 4/4
  1428 | D:3      | Reached XP level 5. HP: 33/33 MP: 5/5
  1679 | D:3      | Noticed Natasha
  1686 | D:3      | Killed Natasha
  1759 | D:3      | Noticed Natasha
  1768 | D:3      | Killed Natasha
  1934 | D:4      | Noticed Blork the orc
  1945 | D:4      | Killed Blork the orc
  1945 | D:4      | Reached skill level 5 in Shields
  1945 | D:4      | Reached XP level 6. HP: 30/39 MP: 6/6
  2072 | D:4      | Found a white marble altar of Elyvilon.
  2586 | D:5      | Entered Level 5 of the Dungeon
  2692 | D:5      | Reached skill level 5 in Fighting
  2726 | D:5      | Reached XP level 7. HP: 44/44 MP: 7/7
  2796 | D:5      | Reached skill level 5 in Armour
  3160 | D:6      | Found a sand-covered staircase.
  3173 | Ossuary  | Entered an ossuary
  3264 | Ossuary  | Reached skill level 6 in Shields
  3604 | D:6      | Reached XP level 8. HP: 10/51 MP: 8/8
  4383 | D:6      | Reached skill level 5 in Maces & Flails
  5106 | D:7      | Reached skill level 7 in Shields
  5263 | D:7      | Found a runed door.
  5313 | D:7      | Reached XP level 9. HP: 12/57 MP: 9/9
  5668 | D:7      | Found a runed door.
  5710 | D:7      | Found a staircase to the Ecumenical Temple.
  5719 | Temple   | Entered the Ecumenical Temple
  5725 | Temple   | Became a worshipper of Warmaster Okawaru
  5887 | D:7      | Gained mutation: Your muscles are strong. (Str +2) [mutagenic meat]
  5888 | D:7      | Gained mutation: You can spit weak poison. [mutagenic meat]
  5889 | D:7      | Gained mutation: You have large cloven feet. [mutagenic meat]
  6386 | D:8      | Reached skill level 8 in Shields
  6556 | D:8      | Reached * piety under Okawaru
  6928 | D:8      | Found a viscous altar of Jiyva.
  7367 | D:8      | Reached XP level 10. HP: 58/64 MP: 10/10
  7401 | D:8      | Reached ** piety under Okawaru
  7609 | D:8      | Found a shimmering altar of Xom.
  7611 | D:8      | Found a bloodstained altar of Trog.
  7611 | D:8      | Found a basalt altar of Yredelemnul.
  7644 | D:8      | Noticed Psyche
  7661 | D:8      | Found a staircase to the Lair.
  7930 | D:8      | Reached skill level 9 in Shields
  8800 | D:9      | Found a staircase to the Orcish Mines.
  8944 | D:9      | Found a roughly hewn altar of Beogh.
  8996 | D:9      | Reached *** piety under Okawaru
  9544 | D:8      | Killed Psyche
  9597 | D:10     | Entered Level 10 of the Dungeon
  9604 | D:10     | Noticed Sonja
  9892 | D:10     | Noticed a hill giant
  9918 | D:9      | Killed a hill giant
  9918 | D:9      | Reached **** piety under Okawaru
  9918 | D:9      | Reached XP level 11. HP: 18/72 MP: 9/11
 10184 | D:10     | Reached skill level 10 in Shields
 10204 | D:10     | Noticed Maud
 10476 | D:10     | Killed Maud
 10476 | D:10     | Reached skill level 10 in Fighting
 10486 | D:10     | Reached ***** piety under Okawaru
 10528 | D:10     | Killed Sonja
 10528 | D:10     | Reached skill level 10 in Armour
 10544 | D:10     | Gained mutation: You are partially covered in iridescent scales (AC +4). [mutagenic meat]
 10545 | D:10     | Gained mutation: You have a pair of small antennae on your head. [mutagenic meat]
 10546 | D:10     | Gained mutation: You can spit poison. [mutagenic meat]
 10548 | D:10     | Gained mutation: You have a pair of antennae on your head. [mutagenic meat]
 10910 | D:10     | Noticed Maurice
 10917 | D:10     | Killed Maurice
 11291 | D:10     | Reached skill level 11 in Shields
 11428 | D:10     | Reached ****** piety under Okawaru
 11428 | D:10     | Received a gift from Okawaru
 11579 | D:10     | Reached XP level 12. HP: 42/79 MP: 12/12
 12603 | D:11     | Found Guehell's Jewellery Shop.
 12652 | D:11     | Received a gift from Okawaru
 12734 | D:11     | Bought an uncursed ring of protection from magic for 350 gold pieces
 12734 | D:11     | Bought an uncursed amulet of regeneration for 420 gold pieces
 12949 | D:11     | Noticed Erolcha
 13167 | D:12     | Found a shimmering altar of Xom.
 13167 | D:12     | Noticed a five-headed hydra
 13167 | D:12     | Noticed a six-headed hydra
 13176 | D:11     | Killed a six-headed hydra
 13176 | D:11     | Reached skill level 10 in Maces & Flails
 13431 | D:12     | Killed a five-headed hydra
 13552 | D:12     | Reached skill level 12 in Shields
 13557 | D:12     | Received a gift from Okawaru
 13594 | D:12     | Got a faintly glowing scale mail {god gift}
 13605 | D:12     | Identified the +4 scale mail "Uzxuisuq" {Int+5 Stlth+} (Okawaru gifted it to you on level 12 of the Dungeon)
 13741 | D:12     | Noticed a centaur warrior
 13753 | D:12     | Killed a centaur warrior
 13891 | D:12     | Lost mutation: You have large cloven feet. [potion of mutation]
 14112 | D:12     | Noticed Urug
 14124 | D:12     | Killed Urug
 14124 | D:12     | Reached XP level 13. HP: 79/86 MP: 13/13
 14477 | D:12     | Noticed an ogre mage
 14492 | D:12     | Killed an ogre mage
 14880 | D:13     | Found a frozen archway.
 14889 | IceCv    | Entered an ice cave
 15028 | IceCv    | Received a gift from Okawaru
 15198 | IceCv    | Reached skill level 13 in Shields
 15340 | IceCv    | Noticed a frost giant
 15379 | IceCv    | Killed a frost giant
 15858 | D:13     | Noticed a vault guard
 15901 | D:13     | Killed a vault guard
 15901 | D:13     | Gained mutation: Your large and strong wings let you fly indefinitely. [Gargoyle growth]
 15901 | D:13     | Reached XP level 14. HP: 94/94 MP: 14/14
 15922 | D:13     | Found a gate to the Vaults.
 16347 | D:13     | Found a sacrificial altar of Ru.
 16532 | D:13     | Received a gift from Okawaru
 16535 | D:13     | Got an ichor-stained ring mail {god gift}
 16546 | D:13     | Identified the +4 ring mail "Veomeagu" {rElec rF- rN+} (Okawaru gifted it to you on level 13 of the Dungeon)
 16702 | D:14     | Killed Erolcha
 16702 | D:14     | Reached skill level 1 in Dodging
 16927 | D:14     | Noticed Frances
 16962 | D:14     | HP: 4/94 [Frances/iron shot (42)]
 16962 | D:14     | Killed from afar by Frances

Action                   |  1- 3 |  4- 6 |  7- 9 | 10-12 | 13-15 || total
-------------------------+-------+-------+-------+-------+-------++-------
Melee: Flail             |   152 |   188 |   854 |  1035 |       ||  2229
       Morningstar       |       |       |       |   341 |   806 ||  1147
Invok: Heroism           |       |       |       |     4 |       ||     4
 Abil: Spit Poison       |       |       |       |     2 |       ||     2
  Use: Scroll            |       |     2 |     1 |    12 |     8 ||    23
       Potion            |       |       |     4 |     2 |     2 ||     8
 Stab: Invisible         |       |       |     2 |       |       ||     2
       Sleeping          |       |       |       |     1 |       ||     1
  Eat: Chunk             |       |     6 |    16 |    25 |    17 ||    64
       Bread ration      |       |       |     1 |     4 |       ||     5
